[Event "7th Capablanca Memorial GM 2019"]
[Site "Anogia"]
[Date "2019.09.11"]
[Round "1.3"]
[White "Ioannidis, Evgenios"]
[Black "Osmak, Iulija"]
[Result "1/2-1/2"]
[ECO "A18"]
[WhiteElo "2390"]
[BlackElo "2408"]
[Annotator "NA"]
[PlyCount "89"]
[EventDate "2019.09.11"]
[EventType "tourn"]
[EventCountry "GRE"]
[SourceTitle "playchess.com"]
[Source "ChessBase"]
[SourceQuality "1"]
[TimeControl "40/5400+30:1800+30"]

1. c4 e6 2. Nc3 Nf6 3. e4 d5 4. e5 d4 5. exf6 dxc3 6. bxc3 Qxf6 7. d4 b6 8. h4 Bb7 9. Bg5 Qf5 10. Bd3 Qa5 11. Kf1 Nd7 12. Rh3 Nf6 13. Ne2 Be7 14. Rb1 Be4 15. d5 exd5 16. cxd5 Bxd3 17. Rxd3 O-O 18. Ng3 Qxa2 19. d6 cxd6 20. Nf5 Rae8 21. Rb4 Bd8 22. Nxd6 Re6 23. Ra4 Qb2 24. Rb4 Qa2 25. Ra4 Qb2 26. Rxa7 Rxd6 27. Rxd6 Ne4 28. Rxf7 Bxg5 29. Rxf8+ Kxf8 30. Qf3+ Ke7 31. Qxe4+ Kxd6 32. Qd4+ Kc6 33. hxg5 Qc1+ 34. Ke2 Qxg5 35. Qe4+ Kc7 36. f4 Qg4+ 37. Kf2 h5 38. g3 g6 39. Kg2 b5 40. Qe5+ Kc6 41. Qe4+ Kc5 42. Qd4+ Kc6 43. Qe4+ Kc5 44. Qd4+ Kc6 45. Qe4+ 1/2-1/2

[Event "7th Capablanca Memorial GM 2019"]
[Site "Anogia"]
[Date "2019.09.11"]
[Round "1.4"]
[White "Anagnostopoulos, Konstantinos"]
[Black "David, Alberto"]
[Result "0-1"]
[ECO "E70"]
[WhiteElo "2322"]
[BlackElo "2533"]
[Annotator "ChessBase"]
[PlyCount "48"]
[EventDate "2019.09.11"]
[EventType "tourn"]
[EventCountry "GRE"]
[SourceTitle "playchess.com"]
[Source "ChessBase"]
[SourceQuality "1"]
[TimeControl "40/5400+30:1800+30"]

1. c4 Nf6 2. Nc3 g6 3. e4 d6 4. d4 Bg7 5. Bg5 h6 6. Bh4 Nc6 7. d5 Ne5 8. f4 Ned7 9. Be2 c6 10. Bf3 g5 11. fxg5 hxg5 12. Bxg5 Ne5 13. Be2 Qb6 14. Qb3 Qc5 15. O-O-O b5 16. Nf3 bxc4 17. Qa4 Nfg4 18. Nxe5 Nxe5 19. dxc6 Nd3+ 20. Bxd3 Qxg5+ 21. Kb1 cxd3 22. Nd5 Qxg2 23. Qb4 Qc2+ 24. Ka1 Rxh2 0-1

[Event "7th Capablanca Memorial GM 2019"]
[Site "Anogia"]
[Date "2019.09.11"]
[Round "1.5"]
[White "Manish Anto Cristiano F"]
[Black "Dushyant Sharma"]
[Result "1-0"]
[ECO "C96"]
[WhiteElo "2364"]
[BlackElo "2242"]
[Annotator "NA"]
[PlyCount "81"]
[EventDate "2019.09.11"]
[EventType "tourn"]
[EventCountry "GRE"]
[SourceTitle "playchess.com"]
[Source "ChessBase"]
[SourceQuality "1"]
[TimeControl "40/5400+30:1800+30"]

1. e4 e5 2. Nf3 Nc6 3. Bb5 a6 4. Ba4 Nf6 5. O-O b5 6. Bb3 Be7 7. Re1 d6 8. c3 O-O 9. h3 Na5 10. Bc2 c5 11. d4 Nd7 12. Nbd2 exd4 13. cxd4 Nc6 14. Nf1 cxd4 15. Nxd4 Nxd4 16. Qxd4 Nc5 17. Ne3 Bf6 18. Qd1 Be6 19. Nd5 Bxd5 20. Qxd5 Rc8 21. Rb1 Ne6 22. Qd1 Qc7 23. Bb3 Nc5 24. Bd5 Rfe8 25. Bf4 Be5 26. Be3 b4 27. Qd2 a5 28. Rbc1 Qe7 29. a3 Na4 30. Bd4 bxa3 31. bxa3 Bxd4 32. Qxd4 Nc5 33. f4 Rcd8 34. e5 Ne6 35. Qc4 g6 36. Kh2 dxe5 37. Rxe5 Qf6 38. Rce1 Rc8 39. Rxe6 fxe6 40. Rxe6 Rxc4 41. Rxf6+ 1-0

[Event "7th Capablanca Memorial GM 2019"]
[Site "Anogia"]
[Date "2019.09.12"]
[Round "2.1"]
[White "Moiseenko, Vadim"]
[Black "Dushyant Sharma"]
[Result "1/2-1/2"]
[ECO "C50"]
[WhiteElo "2543"]
[BlackElo "2242"]
[Annotator "ChessBase"]
[PlyCount "70"]
[EventDate "2019.09.11"]
[EventType "tourn"]
[EventCountry "GRE"]
[SourceTitle "playchess.com"]
[Source "ChessBase"]
[SourceQuality "1"]
[TimeControl "40/5400+30:1800+30"]

1. e4 e5 2. Bc4 Nc6 3. Nf3 Bc5 4. d3 Nf6 5. a4 O-O 6. Bg5 h6 7. Bh4 Be7 8. Bg3 d6 9. h3 Na5 10. Ba2 c5 11. Nbd2 Nc6 12. O-O Be6 13. Nc4 g6 14. Bh2 Kh7 15. c3 Rc8 16. Re1 Qd7 17. Ne3 Bxa2 18. Rxa2 Rfe8 19. Nc4 Bf8 20. b3 Rcd8 21. Rae2 Bg7 22. d4 exd4 23. cxd4 cxd4 24. Bxd6 Re6 25. e5 Nd5 26. Rd2 Nc3 27. Qa1 b5 28. Na3 bxa4 29. bxa4 Rxd6 30. exd6 d3 31. Qc1 Ne2+ 32. Rexe2 dxe2 33. Qc4 Re8 34. Nc2 Re6 35. Rxe2 Rxd6 1/2-1/2

[Event "7th Capablanca Memorial GM 2019"]
[Site "Anogia"]
[Date "2019.09.12"]
[Round "2.2"]
[White "David, Alberto"]
[Black "Manish Anto Cristiano F"]
[Result "1-0"]
[ECO "A08"]
[WhiteElo "2533"]
[BlackElo "2364"]
[Annotator "ChessBase"]
[PlyCount "43"]
[EventDate "2019.09.11"]
[EventType "tourn"]
[EventCountry "GRE"]
[SourceTitle "playchess.com"]
[Source "ChessBase"]
[SourceQuality "1"]
[TimeControl "40/5400+30:1800+30"]

1. Nf3 d5 2. g3 Nf6 3. Bg2 c5 4. O-O Nc6 5. d3 e6 6. Nbd2 Bd6 7. e4 O-O 8. Re1 Bc7 9. c3 e5 10. exd5 Nxd5 11. a3 h6 12. Ne4 b6 13. b4 cxb4 14. axb4 a5 15. b5 Na7 16. Ba3 Ne7 17. c4 Bg4 18. h3 Be6 19. Rc1 Re8 20. d4 f5 21. Neg5 Bd7 22. Nxe5 1-0

[Event "7th Capablanca Memorial GM 2019"]
[Site "Anogia"]
[Date "2019.09.12"]
[Round "2.3"]
[White "Osmak, Iulija"]
[Black "Anagnostopoulos, Konstantinos"]
[Result "0-1"]
[ECO "C55"]
[WhiteElo "2408"]
[BlackElo "2322"]
[Annotator "NA"]
[PlyCount "100"]
[EventDate "2019.09.11"]
[EventType "tourn"]
[EventCountry "GRE"]
[SourceTitle "playchess.com"]
[Source "ChessBase"]
[SourceQuality "1"]
[TimeControl "40/5400+30:1800+30"]

1. e4 e5 2. Nf3 Nc6 3. Bc4 Nf6 4. d3 Be7 5. a4 O-O 6. O-O d6 7. Re1 Kh8 8. h3 Ng8 9. Nc3 f5 10. exf5 Bxf5 11. Nd5 Qd7 12. c3 Bd8 13. Be3 Qe8 14. d4 Qg6 15. Kh2 Na5 16. Bf1 Bc2 17. Qe2 Be4 18. Nb4 Bxf3 19. gxf3 exd4 20. cxd4 Bg5 21. Qb5 Rf5 22. Qd3 Qf7 23. Bg2 c5 24. dxc5 dxc5 25. Nc2 Rd8 26. Qe2 Nc4 27. b3 Nd2 28. Rad1 Nxf3+ 29. Bxf3 Rxf3 30. Kg2 Rf8 31. Rd2 Qf5 32. Rh1 Qe4 33. Kg1 Re8 34. Qd3 Qh4 35. Kg2 Ref8 36. Qc4 Qh6 37. Qxc5 Bxe3 38. Nxe3 Qg6+ 39. Kf1 Qb1+ 40. Kg2 Qg6+ 41. Kf1 Qe4 42. Ng2 Rxb3 43. Kg1 Rff3 44. Qd4 Qg6 45. h4 Rb1+ 46. Rd1 Rd3 47. Rxb1 Rxd4 48. Kh2 Rg4 49. Rhg1 Rxg2+ 50. Rxg2 Qxb1 0-1

[Event "7th Capablanca Memorial GM 2019"]
[Site "Anogia"]
[Date "2019.09.12"]
[Round "2.4"]
[White "Mirzoev, Emil"]
[Black "Ioannidis, Evgenios"]
[Result "1-0"]
[ECO "B20"]
[WhiteElo "2477"]
[BlackElo "2390"]
[Annotator "ChessBase"]
[PlyCount "53"]
[EventDate "2019.09.11"]
[EventType "tourn"]
[EventCountry "GRE"]
[SourceTitle "playchess.com"]
[Source "ChessBase"]
[SourceQuality "1"]
[TimeControl "40/5400+30:1800+30"]

1. e4 c5 2. Ne2 d6 3. g3 e5 4. Bg2 h5 5. h3 h4 6. g4 g5 7. c3 Nf6 8. d4 Bh6 9. Na3 Nc6 10. Nc4 cxd4 11. cxd4 O-O 12. O-O Re8 13. d5 Ne7 14. Qb3 Ng6 15. Qb4 Bf8 16. Bxg5 Nxd5 17. Qd2 f6 18. Bh6 Nb6 19. Nxb6 Qxb6 20. Bxf8 Nxf8 21. Qh6 Qxb2 22. Rae1 b6 23. g5 Re7 24. gxf6 Rh7 25. Qg5+ Kh8 26. f7 Ba6 27. Qg8# 1-0

[Event "7th Capablanca Memorial GM 2019"]
[Site "Anogia"]
[Date "2019.09.12"]
[Round "2.5"]
[White "Audi Ameya"]
[Black "Patrelakis, Evaggelos"]
[Result "0-1"]
[ECO "B80"]
[WhiteElo "2329"]
[BlackElo "2202"]
[Annotator "NA RC"]
[PlyCount "148"]
[EventDate "2019.09.11"]
[EventType "tourn"]
[EventCountry "GRE"]
[SourceTitle "playchess.com"]
[Source "ChessBase"]
[SourceQuality "1"]
[TimeControl "40/5400+30:1800+30"]

1. e4 c5 2. Nf3 d6 3. d4 cxd4 4. Nxd4 Nf6 5. Nc3 a6 6. Be3 e6 7. f3 b5 8. Qd2 Nbd7 9. g4 Nb6 10. g5 Nfd7 11. a4 Nc4 12. Bxc4 bxc4 13. f4 Bb7 14. f5 e5 15. Nde2 Qa5 16. Ng3 h6 17. f6 g6 18. h4 hxg5 19. hxg5 Rxh1+ 20. Nxh1 Qb4 21. Ng3 Bc6 22. Ra2 Nc5 23. Kf1 O-O-O 24. Qe2 Ne6 25. Nd5 Bxd5 26. exd5 Nc7 27. Qg4+ Rd7 28. Qe4 Qa5 29. Qxc4 Qxd5 30. Qxd5 Nxd5 31. Bd2 Nb6 32. Bb4 Nd5 33. Bd2 Nb6 34. b3 d5 35. Ke2 Kb7 36. Ra1 Bd6 37. Rh1 e4 38. Kf2 Rc7 39. c3 Nd7 40. Ne2 Ne5 41. Nf4 Ng4+ 42. Ke2 Kc6 43. Rh8 Ne5 44. Ra8 Kb7 45. Rd8 Kc6 46. Ra8 Kb7 47. Rd8 Kc6 48. Be3 Ng4 49. Bd2 Ne5 50. Ng2 Rd7 51. Ra8 Kb7 52. Re8 Nf3 53. Bf4 Kc6 54. Be3 Rc7 55. c4 Kd7 56. Ra8 dxc4 57. bxc4 Rxc4 58. Rxa6 Rc2+ 59. Kf1 Nh2+ 60. Kg1 Ng4 61. Ra7+ Ke6 62. Nf4+ Kf5 63. Ra5+ Ne5 64. Rd5 Bc7 65. Kf1 Kg4 66. Rd2 Rxd2 67. Bxd2 Nc4 68. Nxg6 Nxd2+ 69. Ke2 fxg6 70. f7 Bd6 71. Kxd2 Kf3 72. a5 e3+ 73. Kd3 e2 74. a6 e1=Q 0-1

[Event "7th Capablanca Memorial GM 2019"]
[Site "Anogia"]
[Date "2019.09.13"]
[Round "3.1"]
[White "Patrelakis, Evaggelos"]
[Black "Moiseenko, Vadim"]
[Result "1/2-1/2"]
[ECO "C55"]
[WhiteElo "2202"]
[BlackElo "2543"]
[Annotator "ChessBase"]
[PlyCount "38"]
[EventDate "2019.09.11"]
[EventType "tourn"]
[EventCountry "GRE"]
[SourceTitle "playchess.com"]
[Source "ChessBase"]
[SourceQuality "1"]
[TimeControl "40/5400+30:1800+30"]

1. e4 e5 2. Nf3 Nc6 3. Bc4 Nf6 4. d3 Be7 5. O-O O-O 6. Re1 d6 7. a4 Kh8 8. h3 Ng8 9. a5 a6 10. Nc3 f5 11. Nd5 fxe4 12. dxe4 Be6 13. Ra3 Bf7 14. c3 Rc8 15. b4 Bh5 16. Be2 Bg6 17. Bc4 Bh5 18. Be2 Bg6 19. Bc4 Bh5 1/2-1/2

[Event "7th Capablanca Memorial GM 2019"]
[Site "Anogia"]
[Date "2019.09.13"]
[Round "3.2"]
[White "Ioannidis, Evgenios"]
[Black "Audi Ameya"]
[Result "0-1"]
[ECO "E91"]
[WhiteElo "2390"]
[BlackElo "2329"]
[Annotator "NA"]
[PlyCount "76"]
[EventDate "2019.09.11"]
[EventType "tourn"]
[EventCountry "GRE"]
[SourceTitle "playchess.com"]
[Source "ChessBase"]
[SourceQuality "1"]
[TimeControl "40/5400+30:1800+30"]

1. Nf3 Nf6 2. c4 g6 3. Nc3 Bg7 4. d4 O-O 5. e4 d6 6. Be2 Bg4 7. Be3 Nfd7 8. h3 Bxf3 9. Bxf3 Nc6 10. d5 Na5 11. Be2 Bxc3+ 12. bxc3 e5 13. O-O Qe7 14. Qa4 b6 15. Qc2 Rac8 16. Rae1 c6 17. Bh6 Rfe8 18. g3 Rc7 19. f4 exf4 20. gxf4 Qh4 21. Bg5 Qg3+ 22. Kh1 Qxh3+ 23. Kg1 Qg3+ 24. Kh1 f6 25. Rf3 Qxe1+ 26. Rf1 Qg3 27. Rf3 Qxf3+ 28. Bxf3 fxg5 29. e5 dxe5 30. d6 Rcc8 31. f5 Rf8 32. Be4 Rf6 33. fxg6 Rcf8 34. gxh7+ Kh8 35. Bd3 Rxd6 36. Qe2 Nb7 37. Qe3 Nbc5 38. Bc2 Rdf6 0-1

[Event "7th Capablanca Memorial GM 2019"]
[Site "Anogia"]
[Date "2019.09.13"]
[Round "3.3"]
[White "Anagnostopoulos, Konstantinos"]
[Black "Mirzoev, Emil"]
[Result "1/2-1/2"]
[ECO "B33"]
[WhiteElo "2322"]
[BlackElo "2477"]
[Annotator "ChessBase"]
[PlyCount "48"]
[EventDate "2019.09.11"]
[EventType "tourn"]
[EventCountry "GRE"]
[SourceTitle "playchess.com"]
[Source "ChessBase"]
[SourceQuality "1"]
[TimeControl "40/5400+30:1800+30"]

1. e4 c5 2. Nf3 Nc6 3. d4 cxd4 4. Nxd4 Qb6 5. Nb3 Nf6 6. Nc3 e6 7. Be3 Qc7 8. Qf3 a6 9. Qg3 Qxg3 10. hxg3 Bb4 11. Bd2 Be7 12. f3 b5 13. g4 d6 14. Ne2 Bb7 15. a4 b4 16. a5 O-O 17. Ned4 Nxd4 18. Nxd4 d5 19. e5 Nd7 20. f4 Rfc8 21. Ra4 Bc5 22. Nb3 Be7 23. Nd4 Bc5 24. Nb3 Be7 1/2-1/2

[Event "7th Capablanca Memorial GM 2019"]
[Site "Anogia"]
[Date "2019.09.13"]
[Round "3.4"]
[White "Manish Anto Cristiano F"]
[Black "Osmak, Iulija"]
[Result "0-1"]
[ECO "A89"]
[WhiteElo "2364"]
[BlackElo "2408"]
[Annotator "NA"]
[PlyCount "81"]
[EventDate "2019.09.11"]
[EventType "tourn"]
[EventCountry "GRE"]
[SourceTitle "playchess.com"]
[Source "ChessBase"]
[SourceQuality "1"]
[TimeControl "40/5400+30:1800+30"]

1. d4 f5 2. c4 Nf6 3. Nc3 g6 4. Nf3 Bg7 5. g3 d6 6. Bg2 O-O 7. O-O Nc6 8. d5 Ne5 9. Nxe5 dxe5 10. e4 f4 11. Qe2 g5 12. gxf4 gxf4 13. Bd2 Bg4 14. f3 Bd7 15. Kf2 e6 16. Bh3 Qe7 17. Rg1 Rad8 18. Rad1 Kh8 19. Kg2 Ne8 20. Be1 Bf6 21. Kh1 Ng7 22. Bf2 b6 23. c5 exd5 24. Nxd5 Qf7 25. Bxd7 Rxd7 26. Qa6 Bd8 27. b4 Ne6 28. b5 bxc5 29. Qa3 Nd4 30. Rc1 Ne2 31. Bxc5 Re8 32. Qb2 Nxc1 33. Rxc1 Qh5 34. Qe2 Rg8 35. Bxa7 c6 36. bxc6 Rxa7 37. c7 Bxc7 38. Rxc7 Rxa2 39. Rxh7+ Kxh7 40. Nf6+ Kh8 41. Qd1 0-1

[Event "7th Capablanca Memorial GM 2019"]
[Site "Anogia"]
[Date "2019.09.13"]
[Round "3.5"]
[White "Dushyant Sharma"]
[Black "David, Alberto"]
[Result "0-1"]
[ECO "B28"]
[WhiteElo "2242"]
[BlackElo "2533"]
[Annotator "ChessBase"]
[PlyCount "76"]
[EventDate "2019.09.11"]
[EventType "tourn"]
[EventCountry "GRE"]
[SourceTitle "playchess.com"]
[Source "ChessBase"]
[SourceQuality "1"]
[TimeControl "40/5400+30:1800+30"]

1. e4 c5 2. Nf3 a6 3. c4 Nc6 4. d4 cxd4 5. Nxd4 e5 6. Nc2 Bc5 7. Be3 Bxe3 8. Nxe3 d6 9. Nc3 Nge7 10. Bd3 O-O 11. O-O Nd4 12. f4 exf4 13. Rxf4 Be6 14. Nf5 Ng6 15. Rf2 Nc6 16. Be2 Qb6 17. b3 Rad8 18. Nd5 Bxd5 19. exd5 Nce5 20. Qd2 Rd7 21. Raf1 a5 22. Kh1 Qd8 23. Qd4 Re8 24. h4 Ne7 25. Ng3 Nc8 26. Bd1 Qb6 27. Qc3 Qd8 28. Nf5 Ne7 29. Nxg7 Kxg7 30. Rxf7+ Kh8 31. Bg4 Nxd5 32. cxd5 Qxh4+ 33. Bh3 Rxf7 34. Rxf7 Kg8 35. Rxb7 Rf8 36. Qc1 Ng4 37. Kg1 Qf2+ 38. Kh1 Qf1+ 0-1

[Event "7th Capablanca Memorial GM 2019"]
[Site "Anogia"]
[Date "2019.09.14"]
[Round "4.1"]
[White "Moiseenko, Vadim"]
[Black "David, Alberto"]
[Result "1/2-1/2"]
[ECO "B12"]
[WhiteElo "2543"]
[BlackElo "2533"]
[Annotator "ChessBase"]
[PlyCount "24"]
[EventDate "2019.09.11"]
[EventType "tourn"]
[EventCountry "GRE"]
[SourceTitle "playchess.com"]
[Source "ChessBase"]
[SourceQuality "1"]
[TimeControl "40/5400+30:1800+30"]

1. e4 c6 2. d4 d5 3. e5 Bf5 4. h4 Qb6 5. Nc3 h5 6. Na4 Qc7 7. b3 e6 8. Bd3 Bxd3 9. Qxd3 c5 10. c3 cxd4 11. cxd4 Nc6 12. a3 Nge7 1/2-1/2

[Event "7th Capablanca Memorial GM 2019"]
[Site "Anogia"]
[Date "2019.09.14"]
[Round "4.2"]
[White "Osmak, Iulija"]
[Black "Dushyant Sharma"]
[Result "1-0"]
[ECO "E33"]
[WhiteElo "2408"]
[BlackElo "2242"]
[Annotator "NA"]
[PlyCount "105"]
[EventDate "2019.09.11"]
[EventType "tourn"]
[EventCountry "GRE"]
[SourceTitle "playchess.com"]
[Source "ChessBase"]
[SourceQuality "1"]
[TimeControl "40/5400+30:1800+30"]

1. d4 Nf6 2. c4 e6 3. Nc3 Bb4 4. Qc2 Nc6 5. Nf3 d6 6. a3 Bxc3+ 7. Qxc3 Qe7 8. b4 O-O 9. Bb2 b6 10. g3 Bb7 11. Bg2 d5 12. O-O Rfd8 13. Rac1 Rac8 14. Rfd1 a5 15. b5 Nb8 16. c5 Ne4 17. Qe1 bxc5 18. dxc5 c6 19. b6 a4 20. Rc2 f6 21. Rdc1 Na6 22. Nd4 Re8 23. Qa5 Ra8 24. Bxe4 dxe4 25. Qxa4 Nxc5 26. Qb4 Na4 27. Qxe7 Rxe7 28. Nxc6 Bxc6 29. Rxc6 e5 30. Rb1 Rb7 31. Bc1 Ra6 32. Be3 Kf7 33. Rb4 Ke7 34. Rcc4 Nxb6 35. Rc6 Rxa3 36. Rcxb6 Rxb6 37. Bxb6 Ra1+ 38. Kg2 f5 39. Bc7 Ra2 40. e3 Ke6 41. Rb5 Rc2 42. Bxe5 g6 43. Bd4 Rc7 44. Rb6+ Kd5 45. Ra6 Kc4 46. Ra7 Rc6 47. Rxh7 Kd3 48. Rb7 g5 49. Rb3+ Ke2 50. Rb5 f4 51. exf4 gxf4 52. gxf4 Rg6+ 53. Rg5 1-0

[Event "7th Capablanca Memorial GM 2019"]
[Site "Anogia"]
[Date "2019.09.14"]
[Round "4.3"]
[White "Mirzoev, Emil"]
[Black "Manish Anto Cristiano F"]
[Result "1/2-1/2"]
[ECO "A05"]
[WhiteElo "2477"]
[BlackElo "2364"]
[Annotator "ChessBase"]
[PlyCount "59"]
[EventDate "2019.09.11"]
[EventType "tourn"]
[EventCountry "GRE"]
[SourceTitle "playchess.com"]
[Source "ChessBase"]
[SourceQuality "1"]
[TimeControl "40/5400+30:1800+30"]

1. Nf3 Nf6 2. g3 b5 3. Bg2 Bb7 4. O-O e6 5. d3 Be7 6. e4 d6 7. Nbd2 O-O 8. a4 a6 9. Re1 c5 10. e5 dxe5 11. Nxe5 Bxg2 12. Kxg2 Qd5+ 13. Qf3 Qxf3+ 14. Ndxf3 Nbd7 15. c4 Nxe5 16. Nxe5 bxc4 17. dxc4 Rfc8 18. Bd2 Rab8 19. Bc3 Rb7 20. Rad1 Kf8 21. f4 Ke8 22. g4 Ng8 23. g5 f6 24. gxf6 gxf6 25. Ng4 Kf7 26. f5 exf5 27. Ne3 Nh6 28. Kf3 Rd8 29. Nd5 Ng4 30. h3 1/2-1/2

[Event "7th Capablanca Memorial GM 2019"]
[Site "Anogia"]
[Date "2019.09.14"]
[Round "4.4"]
[White "Audi Ameya"]
[Black "Anagnostopoulos, Konstantinos"]
[Result "1/2-1/2"]
[ECO "D35"]
[WhiteElo "2329"]
[BlackElo "2322"]
[Annotator "NA"]
[PlyCount "99"]
[EventDate "2019.09.11"]
[EventType "tourn"]
[EventCountry "GRE"]
[SourceTitle "playchess.com"]
[Source "ChessBase"]
[SourceQuality "1"]
[TimeControl "40/5400+30:1800+30"]

1. c4 e6 2. Nc3 d5 3. d4 Be7 4. Nf3 Nf6 5. Bg5 O-O 6. e3 Nbd7 7. cxd5 exd5 8. Bd3 c5 9. O-O a6 10. a4 c4 11. Bc2 Qc7 12. e4 dxe4 13. Nxe4 Nd5 14. Bxe7 Nxe7 15. Re1 Nd5 16. Ra3 a5 17. Ne5 Nxe5 18. dxe5 Qxe5 19. Rg3 Nf6 20. Rg5 Qe7 21. Nd6 Qd8 22. Nxc4 Qxd1 23. Bxd1 Be6 24. Nxa5 Bd5 25. Nb3 Rxa4 26. Nc5 Rd4 27. Rg3 Rd2 28. b3 b6 29. Rd3 Rxd3 30. Nxd3 Rc8 31. Nf4 Bc6 32. h4 Kf8 33. Be2 Nd5 34. Bg4 Rc7 35. Nd3 Bd7 36. Bf3 Be6 37. Ne5 Nb4 38. Re4 Nc6 39. Nc4 Na5 40. Nxb6 Nxb3 41. Ra4 g6 42. Kh2 Nd2 43. Be2 Rc2 44. Rf4 Kg7 45. Bd3 Rc3 46. Be2 Rc2 47. Na4 Bc4 48. Bxc4 Rxc4 49. Rxc4 Nxc4 50. Kg3 1/2-1/2

[Event "7th Capablanca Memorial GM 2019"]
[Site "Anogia"]
[Date "2019.09.14"]
[Round "4.5"]
[White "Patrelakis, Evaggelos"]
[Black "Ioannidis, Evgenios"]
[Result "1/2-1/2"]
[ECO "B98"]
[WhiteElo "2202"]
[BlackElo "2390"]
[Annotator "NA"]
[PlyCount "43"]
[EventDate "2019.09.11"]
[EventType "tourn"]
[EventCountry "GRE"]
[SourceTitle "playchess.com"]
[Source "ChessBase"]
[SourceQuality "1"]
[TimeControl "40/5400+30:1800+30"]

1. e4 c5 2. Nf3 d6 3. d4 cxd4 4. Nxd4 Nf6 5. Nc3 a6 6. Bg5 e6 7. f4 Be7 8. Qf3 Qc7 9. O-O-O O-O 10. Bd3 Nc6 11. Nxc6 bxc6 12. Qg3 e5 13. Be2 Kh8 14. f5 Rb8 15. Rd3 d5 16. exd5 Bxf5 17. d6 Bxd6 18. Bxf6 gxf6 19. Qf2 Bxd3 20. Qxf6+ Kg8 21. Bxd3 e4 22. Qg5+ 1/2-1/2

[Event "7th Capablanca Memorial GM 2019"]
[Site "Anogia"]
[Date "2019.09.15"]
[Round "5.1"]
[White "Ioannidis, Evgenios"]
[Black "Moiseenko, Vadim"]
[Result "0-1"]
[ECO "A37"]
[WhiteElo "2390"]
[BlackElo "2543"]
[Annotator "ChessBase"]
[PlyCount "64"]
[EventDate "2019.09.11"]
[EventType "tourn"]
[EventCountry "GRE"]
[SourceTitle "playchess.com"]
[Source "ChessBase"]
[SourceQuality "1"]
[TimeControl "40/5400+30:1800+30"]

1. Nf3 c5 2. c4 Nc6 3. Nc3 g6 4. g3 Bg7 5. Bg2 Nh6 6. O-O Nf5 7. Rb1 d6 8. a3 a5 9. e3 O-O 10. b3 Bd7 11. Bb2 Rb8 12. Nb5 Ne5 13. Ne1 Bc6 14. d4 Bxb5 15. cxb5 Nd7 16. d5 a4 17. b4 Ra8 18. Bh3 cxb4 19. Bxf5 Bxb2 20. Bxd7 Bxa3 21. Bg4 b3 22. Qd4 Qa5 23. Be2 Bb4 24. Nf3 Bc3 25. Qh4 Bf6 26. Ng5 Bxg5 27. Qxg5 Qb4 28. Bd1 Qe4 29. Bxb3 axb3 30. Rxb3 Rfc8 31. Rfb1 Rc4 32. R3b2 f6 0-1

[Event "7th Capablanca Memorial GM 2019"]
[Site "Anogia"]
[Date "2019.09.15"]
[Round "5.2"]
[White "Anagnostopoulos, Konstantinos"]
[Black "Patrelakis, Evaggelos"]
[Result "1-0"]
[ECO "A27"]
[WhiteElo "2322"]
[BlackElo "2202"]
[Annotator "NA"]
[PlyCount "71"]
[EventDate "2019.09.11"]
[EventType "tourn"]
[EventCountry "GRE"]
[SourceTitle "playchess.com"]
[Source "ChessBase"]
[SourceQuality "1"]
[TimeControl "40/5400+30:1800+30"]

1. c4 e5 2. Nc3 Nc6 3. Nf3 g6 4. d4 exd4 5. Nxd4 Bg7 6. Nxc6 bxc6 7. g3 Ne7 8. Bg2 O-O 9. O-O Rb8 10. Qd2 a5 11. Rb1 d6 12. b3 Be6 13. Bb2 f5 14. f4 d5 15. cxd5 cxd5 16. Na4 Bxb2 17. Rxb2 c6 18. Rc2 Rb5 19. e3 Bf7 20. Rfc1 Qd6 21. Nc5 Ra8 22. Bh3 Rb6 23. e4 fxe4 24. Nxe4 Qb4 25. Nf6+ Kh8 26. Qe3 Rb7 27. Qe5 Qb6+ 28. Rc5 Qc7 29. Qb2 d4 30. Qxd4 Rb4 31. R1c4 Qd8 32. Rxb4 axb4 33. Bd7 Qf8 34. Re5 Ng8 35. Ne8 h6 36. Ra5+ 1-0

[Event "7th Capablanca Memorial GM 2019"]
[Site "Anogia"]
[Date "2019.09.15"]
[Round "5.3"]
[White "Manish Anto Cristiano F"]
[Black "Audi Ameya"]
[Result "0-1"]
[ECO "B47"]
[WhiteElo "2364"]
[BlackElo "2329"]
[Annotator "NA"]
[PlyCount "76"]
[EventDate "2019.09.11"]
[EventType "tourn"]
[EventCountry "GRE"]
[SourceTitle "playchess.com"]
[Source "ChessBase"]
[SourceQuality "1"]
[TimeControl "40/5400+30:1800+30"]

1. e4 c5 2. Nf3 e6 3. d4 cxd4 4. Nxd4 Nc6 5. Nc3 Qc7 6. g3 a6 7. Bg2 Nf6 8. O-O Bc5 9. Be3 Ne5 10. h3 d6 11. Qe2 Ba7 12. Rad1 Bd7 13. Kh1 Rc8 14. g4 h6 15. f4 Nc4 16. Bc1 Qa5 17. Nb1 O-O 18. b3 Qxa2 19. bxc4 Qxb1 20. Nb3 Qa2 21. e5 Ne8 22. Bxb7 Rc7 23. Bg2 d5 24. cxd5 Rxc2 25. Rd2 Rxd2 26. Nxd2 Bb5 27. Qf3 Bxf1 28. Nxf1 Nc7 29. d6 Nd5 30. Bd2 a5 31. Qd3 a4 32. f5 Qb3 33. Qe4 a3 34. fxe6 fxe6 35. Qg6 Qb6 36. Qxe6+ Kh8 37. Kh2 Qg1+ 38. Kg3 Bf2# 0-1

[Event "7th Capablanca Memorial GM 2019"]
[Site "Anogia"]
[Date "2019.09.15"]
[Round "5.4"]
[White "Dushyant Sharma"]
[Black "Mirzoev, Emil"]
[Result "1/2-1/2"]
[ECO "C03"]
[WhiteElo "2242"]
[BlackElo "2477"]
[Annotator "ChessBase"]
[PlyCount "122"]
[EventDate "2019.09.11"]
[EventType "tourn"]
[EventCountry "GRE"]
[SourceTitle "playchess.com"]
[Source "ChessBase"]
[SourceQuality "1"]
[TimeControl "40/5400+30:1800+30"]

1. e4 e6 2. d4 d5 3. Nd2 h6 4. Ngf3 Nf6 5. e5 Nfd7 6. c4 dxc4 7. Nxc4 Nb6 8. Nxb6 axb6 9. Bc4 Bb4+ 10. Bd2 Nc6 11. Bc3 O-O 12. O-O Bd7 13. Bb3 Ba5 14. Qd2 b5 15. Bc2 Qe7 16. Rfe1 Bxc3 17. bxc3 Ra3 18. Rab1 Rd8 19. h4 Be8 20. Re4 Kh8 21. Rg4 b4 22. cxb4 Rxf3 23. gxf3 Nxe5 24. Rg3 Qxh4 25. Qc3 Qxd4 26. Qxc7 Rd7 27. Qb8 Rd8 28. Qc7 Rd7 29. Qc5 Qxc5 30. bxc5 Rc7 31. Be4 Rxc5 32. Rxb7 Kg8 33. f4 Nd7 34. Ra3 Nf6 35. Ra8 g5 36. a4 Kg7 37. Bf3 Rc1+ 38. Kg2 g4 39. Bxg4 Bc6+ 40. Bf3 Bxb7 41. Bxb7 Nd5 42. Bxd5 exd5 43. a5 Ra1 44. a6 Kf6 45. Rh8 Kf5 46. Ra8 Kxf4 47. a7 f5 48. Rd8 Rxa7 49. Rxd5 Rg7+ 50. Kh2 Ke4 51. Ra5 f4 52. Ra3 f3 53. Kh3 Rg1 54. Ra2 h5 55. Kh2 Rg5 56. Kh3 Rg2 57. Rb2 Kd3 58. Ra2 Rg4 59. Rb2 Ra4 60. Kg3 Ke4 61. Rb3 Ke5 1/2-1/2